Map: Mech Depot LE

Players

Lowko

  • Race: Zerg Zerg
  • League: Master
  • Spawn Location: 7:00

llllllllllll - Winner!

  • Race: Protoss Protoss
  • League: Master
  • Spawn Location: 1:00

VOD

Have the link to the VOD?

Description

Time

  • Played on: Aug. 10, 2017, 11:40 a.m.
  • Length: 9:13
Show
View Real Time Build Order
Export as new Build Order

Lowko Zerg 

Build Orders: Hatch First 

Get SALT Encoding   

  12  0:01  Drone  
  13  0:12  Overlord  
  13  0:17  Drone  
  14  0:30  Drone x2  
  14  0:35  Drone  
  17  0:53  Hatchery  
  17  0:56  Drone  
  17  0:58  Drone  
  17  1:02  Extractor  
  17  1:14  Spawning Pool  
  17  1:17  Drone  
  17  1:20  Drone  
  18  1:28  Drone  
  19  1:38  Drone  
  20  1:49  Overlord  
  20  2:00  Drone  
  21  2:04  Queen  
  21  2:05  Metabolic Boost  
  21  2:06  Queen  
  25  2:09  Zergling x2  
  26  2:15  Zergling x2  
  26  2:18  Drone  
  26  2:22  Drone  
  29  2:27  Drone  
  30  2:33  Drone  
  31  2:42  Hatchery  
  30  2:47  Drone x2  
  30  2:51  Overlord  
  32  2:54  Drone  
  33  3:00  Drone  
  34  3:09  Drone  
  34  3:11  Drone, Queen  
  38  3:17  Drone x3  
  38  3:18  Drone  
  42  3:21  Drone x2  
  42  3:25  Overlord  
  44  3:35  Overlord  
  44  3:44  Drone x4  
  48  3:49  Drone  
  48  3:50  Baneling Nest  
  48  3:53  Zergling x4  
  48  3:54  Zergling x2  
  48  3:55  Zergling x4  
  53  4:00  Spore Crawler x2  
  51  4:06  Drone x3  
  53  4:15  Spore Crawler  
  52  4:21  Drone x6  
  58  4:33  Zergling x6  
  58  4:34  Zergling x4  
  58  4:35  Baneling x4  
  58  4:36  Baneling x2  
  63  4:39  Drone x2  
  63  4:41  Overlord  
  63  4:42  Overlord  
  64  4:55  Drone  
  64  4:56  Overlord  
  64  4:59  Extractor  
  64  5:00  Extractor, Lair  
  64  5:01  Drone x5  
  64  5:03  Hatchery  
  64  5:04  Evolution Chamber, Drone  
  64  5:05  Evolution Chamber  
  64  5:06  Extractor  
  65  5:11  Drone x3  
  65  5:12  Roach Warren  
  65  5:13  Drone  
  70  5:14  Drone  
  70  5:15  Drone  
  72  5:21  Overlord x2  
  72  5:23  Drone x2  
  72  5:24  Drone  
  75  5:30  Zerg Melee Weapons Level 1  
  75  5:32  Drone  
  76  5:37  Drone x8  
  76  5:40  Extractor  
  76  5:41  Extractor  
  82  5:46  Extractor, Zergling x2  
  82  5:47  Zergling x12  
  86  6:03  Hydralisk Den  
  85  6:04  Overlord  
  85  6:11  Drone x2  
  87  6:14  Hatchery  
  87  6:15  Queen  
  88  6:19  Overlord x2  
  88  6:21  Overlord x2  
  88  6:33  Centrifical Hooks, Muscular Augments, Hydralisk  
  88  6:34  Hydralisk x4  
  88  6:35  Hydralisk  
  88  6:39  Zergling x4, Hydralisk  
  105  6:40  Zergling x4  
  106  6:54  Hydralisk x5  
  116  7:07  Zergling x20  
  115  7:09  Baneling x9  
  115  7:13  Zergling x8  
  115  7:14  Zergling x4  
  109  7:28  Baneling x2  
  109  7:29  Baneling x5, Hydralisk x2  
  97  7:30  Zergling x12  
  97  7:31  Zergling x2  
  89  7:38  Hydralisk x2  
  89  7:39  Zergling x6  
  84  7:44  Zergling x2, Hydralisk  
  84  7:45  Zergling x4  
Show
View Real Time Build Order
Export as new Build Order

llllllllllll Protoss - Winner!

Build Orders: 1 Gate Expand 

Get SALT Encoding   

  12  0:00  Probe (Chrono Boost)  
  13  0:11  Probe (Chrono Boost)  
  14  0:18  Pylon  
  14  0:22  Probe (Chrono Boost)  
  15  0:36  Probe (Chrono Boost)  
  15  0:40  Gateway  
  16  0:45  Assimilator  
  16  0:47  Probe (Chrono Boost)  
  17  0:58  Probe (Chrono Boost)  
  18  1:08  Probe (Chrono Boost)  
  19  1:19  Probe (Chrono Boost)  
  20  1:26  Nexus  
  20  1:34  Cybernetics Core  
  20  1:36  Probe (Chrono Boost)  
  21  1:42  Assimilator  
  22  1:47  Probe (Chrono Boost)  
  22  1:50  Pylon  
  22  1:57  Probe (Chrono Boost)  
  23  2:09  Probe (Chrono Boost)  
  23  2:10  Adept (Chrono Boost)  
  23  2:11  Warp Gate  
  26  2:20  Probe  
  26  2:21  Twilight Council  
  27  2:32  Probe  
  27  2:34  Adept (Chrono Boost)  
  27  2:36  Probe  
  31  2:45  Probe  
  31  2:46  Probe  
  33  2:57  Adept (Chrono Boost), Probe x2  
  36  2:58  Resonating Glaives (Chrono Boost)  
  37  3:12  Gateway, Probe  
  37  3:14  Probe  
  37  3:16  Gateway  
  39  3:23  Pylon, Probe  
  39  3:25  Adept  
  42  3:28  Probe  
  42  3:33  Probe  
  43  3:39  Robotics Facility  
  43  3:40  Probe  
  45  3:44  Pylon, Probe  
  46  3:52  Probe  
  46  3:53  Pylon  
  46  3:54  Probe  
  46  3:55  Assimilator  
  47  3:58  Assimilator  
  48  4:04  Probe  
  48  4:05  Probe  
  50  4:12  Adept x3  
  50  4:16  Probe  
  57  4:19  Pylon  
  57  4:26  Warp Prism (Chrono Boost)  
  57  4:27  Probe  
  57  4:29  Mothership Core  
  62  4:35  Pylon  
  62  4:37  Sentry x3  
  68  4:38  Probe  
  69  4:59  Immortal (Chrono Boost)  
  73  5:00  Adept x2  
  73  5:01  Adept  
  73  5:04  Pylon  
  79  5:23  Pylon  
  79  5:25  Nexus  
  79  5:32  Sentry x3  
  79  5:33  Immortal (Chrono Boost)  
  89  5:40  Pylon  
  89  5:57  Gateway x2  
  89  6:00  Gateway  
  89  6:01  Sentry x2, Gateway  
  89  6:02  Gateway  
  93  6:04  Adept  
  93  6:07  Observer (Chrono Boost)  
  93  6:11  Probe  
  96  6:12  Probe  
  98  6:21  Probe  
  98  6:24  Probe  
  100  6:26  Pylon  
  100  6:27  Pylon  
  100  6:36  Adept x3  
  106  6:41  Pylon  
  106  6:57  Adept x8  
  122  7:22  Adept x4  
  122  7:23  Adept x4  
  84  7:46  Adept x8  
Tags
 
Add a new tag
Caveats
  • Supply blocks, unpowered buildings, or Contaminate may cause inaccurate times.
  • Supply counts are checked every 10 seconds.